Cogmind - Beta 16 @@@ ROGUE MODE // 2025.12.18 @ 04:30:52 Player: War__Prophet Result: Destroyed by P-60 Hacker with Shock Rifle Performance ------------- Evolutions (0) 0 Regions Visited (4) 800 Robots Destroyed (13) 65 Value Destroyed (271) 271 Prototype IDs (1) 20 Alien Tech Used (0) 0 Bonus (-7) -7 TOTAL SCORE: 1149 Bonus ------- High Alert Combat Kills 11 Friendly Fire -18 Cogmind --------- Core Integrity 0/250 Matter 287/300 Energy 100/100 System Corruption 5% Temperature Cool (0) Movement Core (50) Location -8/Recycling Parts ------- > --- POWER (1) -------- (None) > --- PROPULSION (2) --- (None) > --- UTILITY (2) ------ (None) > --- WEAPON (2) ------- (None) > --- INVENTORY (5) ---- Ion Engine Light Ion Engine Flight Unit Flight Unit Core Shielding Peak State ------------ > --- POWER ------------ Ion Engine > --- PROPULSION ------- Wheel Armored Wheel > --- UTILITY ---------- Small Storage Unit Experimental Sensor Array > --- WEAPON ----------- Heavy EM Pulse Gun Heavy EM Pulse Gun > --- INVENTORY -------- Ion Engine Light Ion Engine Light Ion Engine Armored Wheel Armored Wheel Armored Wheel Flight Unit Flight Unit [Rating: 19] Favorites ----------- Power Ion Engine Engine Ion Engine Propulsion Wheel Wheel Wheel Utility Small Storage Unit Device Experimental Sensor Array Storage Small Storage Unit Protection Core Shielding Weapon Heavy EM Pulse Gun Energy Gun Heavy EM Pulse Gun Ballistic Gun Light Assault Rifle Build | -11 -10 -10 -10 -8 ------- Run | Yrd Mat Min Sub Rec Slots Evolved . | . . . . . Power . | . . . . . Propulsion . | . . . . . Utility . | . . . . . Weapon . | . . . . . Parts Attached 17 | 6 5 1 4 1 Power 2 | 1 1 . . . Engine 2 | 1 1 . . . Core . | . . . . . Reactor . | . . . . . Propulsion 4 | 2 1 . 1 . Treads . | . . . . . Leg . | . . . . . Wheel 4 | 2 1 . 1 . Hover . | . . . . . Flight . | . . . . . Utility 4 | 1 1 1 1 . Device 2 | . . 1 1 . Storage 1 | 1 . . . . Processor . | . . . . . Hackware . | . . . . . Protection 1 | . 1 . . . Artifact . | . . . . . Weapon 7 | 2 2 . 2 1 Energy Gun 2 | . 2 . . . Energy Cannon . | . . . . . Ballistic Gun 5 | 2 . . 2 1 Ballistic Cannon . | . . . . . Launcher . | . . . . . Special Weapon . | . . . . . Impact Weapon . | . . . . . Slashing Weapon . | . . . . . Piercing Weapon . | . . . . . Special Melee Weapon . | . . . . . Unidentified Prototypes 1 | . . 1 . . Corrupted Parts 1 | . . . 1 . System Corruption 1 | . . . 1 . Parts Lost 10 | . 2 . 4 4 Power 1 | . 1 . . . Propulsion 3 | . 1 . 1 1 Utility 1 | . . . 1 . Weapon 5 | . . . 2 3 Highest Loss Streak 4 | . 2 . 2 4 To Critical Strikes . | . . . . . Average Backups 7 | . 6 8 7 7 Power 2 | . 3 2 2 2 Propulsion 4 | . 3 5 4 3 Utility . | . . . 1 1 Weapon . | . . . . . Tool/Special . | . . . . . Unused Backups 7 | . . 1 . 6 Power 3 | . . 1 . 2 Propulsion 4 | . . . . 4 Utility . | . . . . . Weapon . | . . . . . Tool/Special . | . . . . . Average Slot Usage (%) 88 | . 91 100 70 98 Engine 13 | . 13 14 12 14 Wheel 24 | . 27 28 17 27 Device 4 | . . 3 5 14 Storage 14 | . 14 14 14 14 Protection 4 | . 7 11 . . Energy Gun 17 | . 18 28 16 . Ballistic Gun 7 | . 9 . 3 27 Peak Build Rating 19 | 6 11 19 19 13 Average Rating 10 | 4 8 12 10 11 On Entrance 9 | . 6 11 19 11 Avg Prop Armor Cover (%) . | . . . . . Naked Turns 4 | . . . . 4 Heaviest Build 18 | 10 17 17 17 18 Greatest Support 24 | 20 22 22 24 24 Greatest Overweight (x) 4 | . . . 4 . Average Overweight (x) . | . . . . . Largest Inventory Capacity 8 | 8 8 8 8 8 Average Capacity 7 | 6 8 8 8 7 Most Carried 8 | 1 8 8 8 8 Average Carried 7 | . 7 7 7 7 Final Capacity 8 | 8 8 8 8 5 Final Carried 8 | 1 8 8 7 5 Class Distribution -------------------- 100% | Mutant Dominant Class ---------------- Mutant | -10/Materials Mutant | -10/Mines Mutant | -10/Subcaves Mutant | -8/Recycling Resources | -11 -10 -10 -10 -8 ----------- Run | Yrd Mat Min Sub Rec Matter Collected 404 | 260 39 . 27 78 Remotely . | . . . . . Salvage Created 410 | . 208 . 150 52 Parts 32 | . 14 . 13 5 Haulers Intercepted 1 | . 1 . . . Recyclers Shooed . | . . . . . Parts Field Recycled . | . . . . . Retrieved Matter . | . . . . . Parts Self-Destructed 7 | . . . 7 . Prevented 1 | . . . 1 . Parts Restored . | . . . . . Kills | -11 -10 -10 -10 -8 ------- Run | Yrd Mat Min Sub Rec Combat Hostiles Destroyed 11 | . 5 . 5 1 Guns 9 | . 4 . 4 1 AOE 2 | . 1 . 1 . Classes Destroyed 6 | . 4 . 1 1 Hauler 1 | . 1 . . . Watcher 1 | . 1 . . . Swarmer 6 | . 3 . 3 . Grunt 2 | . 2 . . . Sentry 1 | . . . . 1 Subdweller 2 | . . . 2 . Best Kill Streak 3 | . 3 . 3 1 Combat Bots Only 3 | . 3 . 3 1 Max Kills in Single Turn 1 | . 1 . 1 1 Gunslinging . | . . . . . Exploded 1 | . 1 . 1 . Melee . | . . . . . Uniques/NPCs Destroyed . | . . . . . Combat | -11 -10 -10 -10 -8 -------- Run | Yrd Mat Min Sub Rec Hostile Shots Fired 219 | . 25 . 147 47 Missed 85 | . 8 . 63 14 Hits 134 | . 17 . 84 33 Projectile 134 | . 17 . 84 33 Critical Strikes 3 | . . . . 3 Damage Taken 1123 | . 144 . 480 499 Core 259 | . 6 . 131 122 Absorbed by Shields . | . . . . . Redirected to Shielding 1 | . 1 . . . Core Remaining (%) 100 | 100 . . . . Volleys Fired 51 | . 14 1 28 8 Largest 2 | . 2 2 2 2 Hottest 90 | . 90 90 90 53 Shots Fired 88 | . 28 2 44 14 Gun 88 | . 28 2 44 14 Cannon . | . . . . . Launcher . | . . . . . Special . | . . . . . Kinetic 27 | . . . 13 14 Thermal . | . . . . . Explosive . | . . . . . Electromagnetic 61 | . 28 2 31 . Robot Hit Streak 6 | . 5 . 6 6 Robot Miss Streak 6 | . 6 . 3 2 Penetration Max . | . . . . . Secondary Targets 1 | . 1 . . . Max Gunslinging Chain 1 | . 1 . . . Shots Hit Robots 50 | . 14 . 27 9 Core Hits 19 | . 8 . 8 3 Critical Kills . | . . . . . Critical Parts Destroyed . | . . . . . Critical Strikes 1 | . . . 1 . Corrupt 1 | . . . 1 . Melee Attacks . | . . . . . Impact . | . . . . . Slashing . | . . . . . Piercing . | . . . . . Sneak Attacks . | . . . . . Combat Hostiles . | . . . . . Follow-up Attacks . | . . . . . Damage Inflicted 907 | . 276 . 436 195 Guns 815 | . 216 . 404 195 Cannons . | . . . . . Explosions 92 | . 60 . 32 . Melee . | . . . . . Ramming . | . . . . . Kinetic 352 | . . . 157 195 Thermal 92 | . 60 . 32 . Explosive . | . . . . . Electromagnetic 463 | . 216 . 247 . Impact . | . . . . . Slashing . | . . . . . Piercing . | . . . . . Highest Corruption 5 | . . . 1 5 Average Corruption 1 | . . . 1 1 Corruption Purged . | . . . . . Corruption Blocked . | . . . . . Effects 5 | . . . 2 3 Message Errors 1 | . . . . 1 Energy Discharges 2 | . . . 1 1 Parts Rejected 1 | . . . 1 . Misfires 1 | . . . . 1 Overload Shots . | . . . . . Overflow Damage . | . . . . . Projectiles . | . . . . . Explosions . | . . . . . Melee . | . . . . . Knockbacks . | . . . . . Impact . | . . . . . Kinetic . | . . . . . Secondary . | . . . . . Self-Inflicted Damage 9 | . 9 . . . Shots 1 | . 1 . . . Rammed . | . . . . . Targets Rammed . | . . . . . Kicked . | . . . . . Crushed . | . . . . . Highest Temperature 215 | . 215 30 . 19 Average Temperature 73 | . 86 17 . 7 Received Heat Transfer 336 | . 24 . 258 54 Siege Activations . | . . . . . Martial Activations . | . . . . . Shielding Activations . | . . . . . Robots Disrupted . | . . . . . Combat Hostiles . | . . . . . Robots Corrupted . | . . . . . Combat Hostiles . | . . . . . Parts Fried . | . . . . . Impact Corruptions . | . . . . . Robots Melted . | . . . . . Combat Hostiles . | . . . . . Parts Melted . | . . . . . Heat Transferred 150 | . 100 . 50 . Parts Sabotaged . | . . . . . Parts Stolen . | . . . . . Parts Stripped . | . . . . . Power Chain Reactions 2 | . 1 . 1 . Alert | -11 -10 -10 -10 -8 ------- Run | Yrd Mat Min Sub Rec Maximum Alert Level 2 | . . . . 2 Low Security (%) 80 | 100 100 100 . . Level 1 . | . . . . . Level 2 19 | . . . . 100 Level 3 . | . . . . . Level 4 . | . . . . . Level 5 . | . . . . . High Security . | . . . . . Max Security . | . . . . . Peak Influence 523 | . 60 11 . 523 Initial 513 | . . 11 . 513 Average 105 | . 22 . . 492 Influence Increases 1321 | . 130 . 1170 21 Destroy 0b10 Robot/C 180 | . 100 . 60 20 Destroy 0b10 Robot/NC 10 | . 10 . . . Destroy Leader 14 | . 14 . . . Destroy Structure 7 | . 6 . . 1 Lose Combat Pursuer 1110 | . . . 1110 . Influence Decreases 907 | . 100 30 100 677 Entered New Map 576 | . . 19 . 557 Time Decay 231 | . 80 11 80 60 Lost Part 80 | . 20 . 20 40 Lost Ally 20 | . . . . 20 Squads Dispatched . | . . . . . Investigation . | . . . . . Extermination . | . . . . . Reinforcement . | . . . . . Assault . | . . . . . Garrison . | . . . . . Intercept . | . . . . . Searches Triggered . | . . . . . Construction Impeded . | . . . . . Haulers Reinforced . | . . . . . Active Scanning Responses . | . . . . . Cargo Convoy Interrupts . | . . . . . Stealth | -11 -10 -10 -10 -8 --------- Run | Yrd Mat Min Sub Rec Distress Signals 2 | . 2 . . . Communications Jammed . | . . . . . Distress Signals . | . . . . . Times Spotted 77 | . 8 . 65 4 Peak Tracking Total 5 | . 4 . 5 3 Tactical Retreats 7 | . . . 7 . Traps | -11 -10 -10 -10 -8 ------- Run | Yrd Mat Min Sub Rec Traps Triggered . | . . . . . Indirectly . | . . . . . Trap Hack Attempts . | . . . . . Triggered . | . . . . . Disarmed . | . . . . . Reprogrammed . | . . . . . Reused . | . . . . . Traps Extracted . | . . . . . Installed . | . . . . . Triggered . | . . . . . Machines | -11 -10 -10 -10 -8 ---------- Run | Yrd Mat Min Sub Rec Machines Disabled 1 | . . . 1 . Max in Single Turn 1 | . . . 1 . Machines Repaired . | . . . . . Machines Dismantled . | . . . . . Machines Sabotaged . | . . . . . Overloaded Fab Kills . | . . . . . Hacking | -11 -10 -10 -10 -8 --------- Run | Yrd Mat Min Sub Rec Machines Accessed . | . . . . . Terminals . | . . . . . Fabricators . | . . . . . Repair Stations . | . . . . . Recycling Units . | . . . . . Scanalyzers . | . . . . . Garrison Access . | . . . . . Total Hacks . | . . . . . Successful . | . . . . . Failed . | . . . . . Catastrophic . | . . . . . Database Lockouts . | . . . . . Manual . | . . . . . Terminals . | . . . . . Fabricators . | . . . . . Repair Stations . | . . . . . Recycling Units . | . . . . . Scanalyzers . | . . . . . Garrison Access . | . . . . . Terminal Hacks . | . . . . . Fabricator Hacks . | . . . . . Repair Station Hacks . | . . . . . Recycling Unit Hacks . | . . . . . Scanalyzer . | . . . . . Garrison Access Hacks . | . . . . . Unauthorized Hacks . | . . . . . Terminals . | . . . . . Fabricators . | . . . . . Repair Stations . | . . . . . Recycling Units . | . . . . . Scanalyzers . | . . . . . Garrison Access . | . . . . . Data Cores Recovered . | . . . . . Used . | . . . . . Hacking Detections . | . . . . . Full Trace Events . | . . . . . Feedback Events . | . . . . . Feedback Blocked . | . . . . . Robot Schematics Acquired . | . . . . . Robots Built . | . . . . . Authchips . | . . . . . Time . | . . . . . Total Robot Build Rating . | . . . . . Part Schematics Acquired . | . . . . . Parts Built . | . . . . . Authchips . | . . . . . Time . | . . . . . Total Part Build Rating . | . . . . . Part Studies Acquired . | . . . . . Parts Repaired . | . . . . . Time . | . . . . . Parts Recycled . | . . . . . Recycled Matter . | . . . . . Retrieved Matter . | . . . . . Retrieved Components . | . . . . . Parts Scanalyzed . | . . . . . Part Schematics Acquired . | . . . . . Parts Damaged . | . . . . . Bothacking | -11 -10 -10 -10 -8 ------------ Run | Yrd Mat Min Sub Rec Used RIF Installer . | . . . . . Robots Hacked . | . . . . . Non-combat . | . . . . . Combat . | . . . . . Robot Hacks Applied . | . . . . . Relay Couplers Released . | . . . . . Fabnet Peak Effective % . | . . . . . Robots Rewired 1 | . . . . 1 Allies Hacked 2 | . . . . 2 Hacks Repelled . | . . . . . Allies | -11 -10 -10 -10 -8 -------- Run | Yrd Mat Min Sub Rec Total Allies 1 | . . . . 1 Largest Group 1 | . . . . 1 Highest-Rated Group 21 | . . . . 21 Highest-Rated Ally 21 | . . . . 21 Total Orders . | . . . . . Ally Attacks 1 | . . . . 1 Total Damage 38 | . . . . 38 Kills . | . . . . . Allies Corrupted . | . . . . . Allies Melted . | . . . . . Intel | -11 -10 -10 -10 -8 ------- Run | Yrd Mat Min Sub Rec Active Infowar (turns) 156 | . . 61 95 . Sensors 156 | . . 61 95 . Robot Analysis Total . | . . . . . Derelict Logs Recovered 1 | . . 1 . . Drone Launches . | . . . . . Drone Recoveries . | . . . . . Exploration | -11 -10 -10 -10 -8 ------------- Run | Yrd Mat Min Sub Rec Turns Passed 1014 | 47 246 274 308 139 Spaces Moved 929 | 47 224 315 241 102 Core 14 | 1 . . 7 6 Treads . | . . . . . Legs . | . . . . . Wheels 915 | 46 224 315 234 96 Hover . | . . . . . Flight . | . . . . . Fastest Speed 50 | 50 80 85 85 50 Average Speed 85 | 79 80 85 92 87 Slowest Speed 250 | 80 85 85 250 90 Overloaded Moves . | . . . . . Propulsion Burnouts . | . . . . . Robots Hopped . | . . . . . Potential Cave-ins . | . . . . . Cave-ins Triggered . | . . . . . Exploration Rate (%) 31 | 4 39 62 16 36 Regions Visited 4 Branch Regions 3 Pre-discovered Areas 2 | . . 1 1 . Known Exits Taken . | . . . . . Unknown Exits Taken 4 | 1 1 1 1 . Scrap Searched . | . . . . . Spaces Dug . | . . . . . Terrain Destroyed 8 | . 6 . 1 1 Melee . | . . . . . Projectile 1 | . . . . 1 AOE 7 | . 6 . 1 . Terrain Rammed . | . . . . . Walls Destroyed . | . . . . . Machines Disabled . | . . . . . Actions | -11 -10 -10 -10 -8 --------- Run | Yrd Mat Min Sub Rec Total 1051 | 53 262 319 279 138 Wait 11 | . 7 . 4 . Move 925 | 46 223 314 240 102 Hop . | . . . . . Pick Up 12 | 1 10 1 . . Fast Attach 16 | 6 3 1 6 . Attach 4 | . 2 . 1 1 Detach . | . . . . . Swap 1 | . . . . 1 Drop 5 | . 3 2 . . Fire 51 | . 14 1 28 8 Melee . | . . . . . Ram . | . . . . . Kick . | . . . . . Crush . | . . . . . Escape Stasis . | . . . . . Rewire 26 | . . . . 26 Trap . | . . . . . Miscellaneous . | . . . . . Route ------- -11/Scrapyard -10/Materials -10/Mines -10/Subcaves -8/Recycling History --------- Turn | Location | Event 14 | -11/Scrapyard | Discovered new exit (range 16) 48 | -11/Scrapyard | Entered Materials 276 | -10/Materials | Discovered new exit (range 8) 294 | -10/Materials | Entered Mines 310 | -10/Mines | Build established: Mutant 396 | -10/Mines | Met a Derelict bent on vengeance 402 | -10/Mines | Learned location of Zion (-7) 407 | -10/Mines | Received a Rocket Launcher from a helpful Derelict 505 | -10/Mines | Found a damaged Exp. Sensor Array with a note attached 507 | -10/Mines | Found Prototype Device 507 | -10/Mines | Identified Exp. Sensor Array 555 | -10/Mines | Discovered new exit (range 14) 568 | -10/Mines | Entered Subcaves 569 | -10/Subcaves | Shifting Twisted Machinery released Sub. Shrapnel Launcher 569 | -10/Subcaves | Shifting Twisted Machinery released Riot Gun 569 | -10/Subcaves | Approached by a straggling Scientist 633 | -10/Subcaves | Met a Zionite searching for "candidates" 783 | -10/Subcaves | Shifting Twisted Machinery released Mak. Hacking Suite 815 | -10/Subcaves | Discovered new exit (range 15) 832 | -10/Subcaves | Core integrity fell below 50% 876 | -10/Subcaves | Entered Recycling 1010 | -8/Recycling | Core integrity fell below 20% 1011 | -8/Recycling | Released all parts (4) 1015 | -8/Recycling | Destroyed by P-60 Hacker with Shock Rifle Last Messages --------------- 01000_ R-06 Scavenger collects Corrupted Lgt. Nuclear Core. 01002_ Hvy. Assault Rifle destroyed. 01002_ Sub. Machine Gun destroyed. 01002_ R-06 Scavenger collects Corrupted Carbon-fiber Leg. 01005_ Arm. Wheel destroyed. 01005_ R-06 Scavenger collects Heat Sink. 01009_ R-06 Scavenger collects Lgt. Treads. 01009_ P-60 Hacker resets R-06 Scavenger, system corruption cleaned. 01011_ Lgt. Assault Rifle destroyed. 01011_ Released Disposable Heat Sink. 01011_ Released Arm. Wheel. 01011_ Released Sml. Storage Unit. 01011_ Released Ion Engine. 01012_ R-06 Scavenger collects Disposable Heat Sink. 01013_ P-60 Hacker resets U-05 Engineer, system corruption cleaned. 01014_ Attempting to rewire D-53 Grenadier. Map ----- +----------------------------------------------------+ | ?????????????????????????????????????????????????? | | ?????????????????????????????????????????????????? | | ?????????????????????????????????????????????????? | | ?????????????????????????????????????????????????? | | ?????????????????????????????????????????????????? | | ?????????????????????????????????????????????????? | | ?????????????????????????????????????????????????? | | ##+########??????????????????????????????????????? | | ?????????????????????????????????????? | | ?????????????????????????????????????? | | ?????????????????????????????????????? | | ##+########???????????##?????????????????????????? | | ?? #????#????????##;####?????????????????????? | | #??## ###?????#i % #?????????????????????? | | #?# #??# !#?????????????????????? | | #?# #??#]i=! #?????????????????????? | | #?# #??# #?????????????????????? | | #?# = #??#%[ #?????????????????????? | | #?# #??# p=kd#?????????????????????? | | #?# #??#i]r!b#?????????????????????? | | +#######?# ##?#a! gr#?????????????????????? | | #???????# #?# r s #?????????????????????? | | #???????# #??# % !h#?????????????????????? | | ######### ] ] #??#rpY d#?????????????????????? | | + #??# !k#?????????????????????? | | ### # #??#u d@r#?????????????????????? | | ??# # #??# u #?????????????????????? | | ??# + #??#! b #?????????????????????? | | ??# # #??#!l t #?????????????????????? | | ??# #####+#########+### #### #??????????? | | ??# ????????? | | ??+ ????????? | | ??# ????????? | | ??###+#+######"Y"##########+##### ##?????????? | | ?????????????#"""#??????????????????###??????????? | | ?????????????#####???????????????????????????????? | | ?????????????????????????????????????????????????? | | ?????????????????????????????????????????????????? | | ?????????????????????????????????????????????????? | | ?????????????????????????????????????????????????? | | ?????????????????????????????????????????????????? | | ?????????????????????????????????????????????????? | | ?????????????????????????????????????????????????? | | ?????????????????????????????????????????????????? | | ?????????????????????????????????????????????????? | | ?????????????????????????????????????????????????? | | ?????????????????????????????????????????????????? | | | | | | | +----------------------------------------------------+ Best States ------------- Heat Dissipation 25 Coolant Potential 50 Energy Generation 10 Energy Capacity 250 Matter Stores 300 Matter Capacity 300 Sight Range 16 Robot Scan Range 20 Terrain Scan Density 10 Core Shielding 20 Evasion (%) 44 Item Schematics ----------------- None Robot Schematics ------------------ None Fabricated ------------ Nothing Repaired ---------- Nothing Studied --------- None Alien Tech Used ----------------- None Achievements -------------- None Challenges ------------ None Game ------ Seed AdvancedRefineryGenerator Manual? 0 Play Time 00:07:52 Cumulative 51.7 hours Start 2025.12.18 @ 04:24:00 End 2025.12.18 @ 04:30:52 Sessions 1 Manual Loads 0 Difficulty Rogue Special Mode None Game No. 197 Rogue 197 Adventurer 0 Explorer 0 Win Type - Total 0 Types 0/0/0/0/0/0/0/0/0/0 Lore% 12 Gallery% 37 Achievement% 25 Wizard Run 0 Options --------- Layout 1 ASCII 0 Keyboard 1 Movement Vi Keybinds 0 Fullscreen 1 Font 16/SmallcapsGlow Map View 55x38 Zoom Use 0% Tactical HUD 1 Map Filters NONE Filters NONE Steam X RUN: 8f307954-ded7-4d9a-a12d-06f73ddba77e